Map: Emerald City LE

Players

Dire

  • Race: Terran Terran
  • Spawn Location: 11:00

SaiL

  • Race: Protoss Protoss
  • Spawn Location: 11:00

MattBarry - Winner!

  • Race: Terran Terran
  • Spawn Location: 5:00

MattBarry - Winner!

  • Race: Zerg Zerg
  • Spawn Location: 5:00

VOD

Have the link to the VOD?

Description

Time

  • Played on: Dec. 21, 2022, 2 a.m.
  • Length: 9:44
Show
View Real Time Build Order
Export as new Build Order

Dire Terran 

Build Orders:  

Get SALT Encoding   

  12  0:01  SCV  
  13  0:16  SCV  
  14  0:23  Supply Depot  
  14  0:28  SCV  
  15  0:30  Refinery  
  15  0:44  SCV  
  15  0:46  Supply Depot  
  16  0:58  SCV  
  17  1:09  Barracks  
  17  1:11  SCV  
  18  1:24  SCV  
  19  1:31  Refinery  
  19  1:37  SCV, Engineering Bay  
  20  1:49  SCV  
  21  2:01  SCV  
  21  2:03  Marine  
  23  2:10  Factory  
  23  2:13  SCV  
  24  2:19  Missile Turret  
  24  2:30  Barracks Reactor  
  24  2:37  Missile Turret  
  24  2:41  Orbital Command  
  24  2:57  Factory Tech Lab  
  24  3:01  Starport  
  24  3:06  Missile Turret  
  24  3:09  Marine x2  
  26  3:15  Siege Tank  
  29  3:26  Missile Turret  
  29  3:27  Marine x2  
  31  3:42  Supply Depot  
  31  3:44  Starport Tech Lab  
  31  4:04  Marine x2  
  31  4:09  Supply Depot  
  33  4:14  Banshee  
  36  4:21  Marine x2  
  38  4:25  Missile Turret  
  38  4:40  Supply Depot  
  38  4:45  Missile Turret  
  38  5:07  Banshee  
  38  5:11  Siege Tank  
  38  5:13  Marine x2  
  46  5:20  Missile Turret  
  46  5:29  Cloaking Field  
  46  5:35  Marine  
  46  5:36  Marine  
  46  5:39  Missile Turret  
  48  5:50  Banshee  
  48  5:55  Siege Tank  
  54  6:11  Marine  
  55  6:19  Supply Depot  
  55  6:40  Marine, Viking  
  55  6:42  Supply Depot  
  49  7:19  Viking  
  49  7:21  Cyclone  
  49  7:22  Marine x2  
  20  9:01  Marine x2  
  25  9:37  Command Center  
Show
View Real Time Build Order
Export as new Build Order

SaiL Protoss 

Build Orders:  

Get SALT Encoding   

  13  0:09  Probe  
  14  0:21  Probe  
  14  0:37  Pylon  
  14  0:40  Probe  
  15  0:55  Probe  
  16  1:00  Gateway  
  16  1:07  Probe  
  16  1:08  Assimilator  
  17  1:19  Probe  
  18  1:31  Probe  
  19  1:43  Probe  
  20  1:53  Cybernetics Core  
  20  1:54  Zealot  
  20  1:55  Probe  
  23  2:10  Assimilator  
  23  2:36  Pylon  
  23  2:54  Probe  
  24  3:02  Warp Gate  
  24  3:06  Probe  
  24  3:11  Gateway  
  25  3:15  Gateway  
  25  3:18  Probe  
  26  3:30  Probe  
  27  3:35  Gateway  
  27  3:42  Probe  
  28  3:54  Probe  
  29  4:01  Forge  
  29  4:08  Gateway  
  29  4:15  Probe  
  12  4:54  Pylon  
  12  5:13  Probe  
  13  5:25  Probe  
  14  5:29  Stalker  
  14  5:30  Stalker  
  14  5:31  Stalker  
  14  5:33  Stalker  
  14  5:34  Stalker  
  24  5:37  Probe  
  25  5:49  Probe  
  26  5:54  Stalker  
  26  5:55  Stalker  
  26  5:56  Stalker  
  32  6:01  Stalker  
  32  6:02  Probe  
  35  6:14  Probe  
  36  6:26  Probe  
  34  6:58  Stalker  
  34  6:59  Stalker  
  14  8:31  Probe  
  15  8:43  Probe  
  16  8:55  Probe  
  17  9:08  Probe  
  18  9:20  Probe  
  19  9:32  Probe  
Show
View Real Time Build Order
Export as new Build Order

MattBarry Terran - Winner!

Build Orders: 2 Factory, Hellion Opening, Mech 

Get SALT Encoding   

  12  0:01  SCV  
  13  0:13  SCV  
  14  0:18  Supply Depot  
  14  0:26  SCV  
  15  0:39  SCV  
  15  0:41  Barracks  
  16  0:48  Refinery  
  16  0:51  SCV  
  17  1:04  SCV  
  18  1:16  SCV  
  19  1:28  Orbital Command  
  19  1:29  Marine  
  20  1:40  Command Center  
  20  1:47  Marine  
  20  1:52  Supply Depot  
  22  1:54  SCV  
  22  2:05  Barracks Reactor  
  22  2:11  Factory  
  22  2:12  SCV  
  23  2:24  SCV  
  24  2:38  SCV  
  24  2:39  Refinery  
  25  2:52  Orbital Command  
  25  3:00  Barracks Tech Lab  
  25  3:01  Factory  
  25  3:03  Hellion x2  
  29  3:07  SCV  
  30  3:21  SCV x2  
  30  3:24  Hellion x2  
  36  3:38  SCV x2  
  38  3:46  Hellion x2  
  42  3:50  SCV x2  
  44  4:01  Supply Depot x2  
  44  4:02  SCV x2  
  46  4:06  Command Center  
  46  4:22  Siege Tank  
  49  4:27  Hellion x2  
  51  4:44  SCV x2  
  47  4:54  Factory  
  47  4:56  Factory  
  47  4:57  SCV x2  
  49  5:01  Refinery  
  49  5:03  Refinery  
  49  5:05  Supply Depot  
  49  5:06  Supply Depot  
  49  5:08  Hellion x2, Siege Tank  
  56  5:17  Armory x2  
  56  5:22  Infernal Pre-Igniter  
  56  5:29  Hellion x2  
  56  5:33  Orbital Command  
  56  5:34  SCV x2  
  62  5:46  SCV x2  
  62  5:58  Siege Tank  
  62  5:59  SCV, Hellion x2  
  62  6:00  SCV  
  62  6:01  Orbital Command, Factory Tech Lab x2  
  71  6:12  SCV x2  
  71  6:14  Terran Vehicle Weapons Level 1, Terran Vehicle And Ship Armor Level 1  
  73  6:24  SCV x2, Hellion x2  
  77  6:36  SCV x2  
  79  6:47  Siege Tank, Hellion x2  
  79  6:48  SCV x2  
  80  7:09  Engineering Bay  
  80  7:13  Thor x2  
  92  7:22  Supply Depot  
  92  7:24  Supply Depot  
  92  7:28  Supply Depot  
  92  7:33  SCV  
  93  7:44  Hellion, SCV x2, Siege Tank  
  93  7:45  SCV  
  93  7:46  Hellion  
  88  8:26  Thor x3  
  98  8:28  Hellion x2  
  100  8:43  Missile Turret x2  
  100  8:45  Missile Turret, SCV x3  
  103  8:49  Refinery  
  103  8:52  Refinery  
  103  8:54  Starport  
  103  8:57  Factory, SCV  
  104  9:07  Hellion x2  
  114  9:10  Hellion x3  
  114  9:13  Supply Depot  
  114  9:14  Supply Depot  
  114  9:15  Supply Depot  
  114  9:16  Supply Depot  
  114  9:21  SCV x3, Command Center  
Show
View Real Time Build Order
Export as new Build Order

MattBarry Zerg - Winner!

Build Orders: Hatch First 

Get SALT Encoding   

  12  0:00  Drone  
  13  0:12  Overlord  
  13  0:41  Hatchery  
  12  0:43  Drone  
  13  1:02  Spawning Pool  
  12  1:15  Extractor  
  11  1:21  Drone x2  
  11  1:22  Drone  
  14  1:35  Drone  
  15  1:51  Queen  
  17  1:56  Queen  
  17  1:57  Drone x2  
  17  2:01  Drone  
  22  2:05  Drone  
  23  2:12  Drone  
  24  2:17  Drone  
  24  2:19  Drone  
  26  2:30  Overlord  
  26  2:39  Drone  
  26  2:40  Drone  
  26  2:42  Overlord  
  28  2:56  Roach Warren  
  27  3:09  Drone x3  
  27  3:10  Drone x2  
  27  3:11  Drone x5  
  37  3:29  Drone x2  
  37  3:31  Lair  
  39  3:44  Hatchery  
  38  3:49  Extractor  
  37  3:55  Drone  
  37  3:56  Drone x3  
  37  3:57  Roach  
  37  3:58  Overlord x2  
  37  3:59  Extractor  
  42  4:03  Extractor  
  42  4:05  Queen  
  44  4:17  Roach  
  44  4:18  Roach x2  
  44  4:19  Roach  
  52  4:34  Queen  
  54  5:03  Glial Reconstitution  
  54  5:10  Queen  
  56  5:42  Roach  
  58  5:43  Roach x3, Overlord x3  
  64  6:28  Roach  
  64  6:29  Roach x8, Extractor  
  64  6:31  Overlord x2  
  64  6:32  Overlord x2  
  81  6:38  Infestation Pit  
  80  6:43  Evolution Chamber x2  
  78  7:16  Spore Crawler  
  78  7:21  Spore Crawler  
  78  7:22  Spore Crawler  
  75  7:26  Drone x3  
  75  7:27  Drone x4  
  75  7:28  Drone x3  
  85  7:40  Hatchery  
  84  7:59  Spore Crawler  
  84  8:01  Overseer  
  80  8:08  Spore Crawler  
  80  8:11  Spore Crawler  
  64  8:12  Roach  
  64  8:13  Roach x15  
  64  8:14  Roach x3  
  86  9:00  Hydralisk Den  
Tags
 
Add a new tag
Caveats
  • Supply blocks, unpowered buildings, or Contaminate may cause inaccurate times.
  • Supply counts are checked every 10 seconds.